 Dungeon Crawl Stone Soup version 0.26.1-11-gd32895ea62 (webtiles) character file.

Game seed: 3779012290522748070

32700 wavejumper the Severer (level 13, -2/125 HPs)
             Began as a Minotaur Berserker on May 18, 2021.
             Was a High Priest of Trog.
             Slain by a death yak (36 damage)
             ... on level 5 of the Lair of Beasts on May 19, 2021.
             The game lasted 01:27:44 (17522 turns).

wavejumper the Severer (Minotaur Berserker)        Turns: 17522, Time: 01:27:45

Health: -2/125     AC: 26    Str: 23    XL:     13   Next: 32%
Magic:  21/21      EV:  7    Int:  3    God:    Trog [*****.]
Gold:   777        SH:  0    Dex: 14    Spells: 12/12 levels left

rFire    . . .     SeeInvis +   P - +0 broad axe of Light {flame, *Noise rPois Will++ SInv}
rCold    + . .     Faith    .   V - +0 kite shield
rNeg     + . .     Spirit   .   T - +5 plate armour {rPois}
rPois    +         Reflect  .   (helmet restricted)
rElec    .         Harm     .   s - +2 ratskin cloak {*Rats rPois rN+ Str-1 Int-1 Dex+1}
rCorr    .         Rampage  .   h - +0 pair of gloves
Will     ++++.                  L - +1 pair of boots {run}
Stlth    ..........             t - amulet of magic regeneration
HPRegen  1.30/turn              x - ring of protection from cold
MPRegen  0.42/turn              y - ring of magical power

@: mighty, sleeping, berserk cooldown, regenerating, slowed, quick
A: retaliatory headbutt, horns 2
a: Renounce Religion, Berserk, Trog's Hand, Brothers in Arms


You were on level 5 of the Lair of Beasts.
You worshipped Trog.
Trog was extremely pleased with you.
You visited 4 branches of the dungeon, and saw 19 of its levels.

You collected 777 gold pieces.

Inventory:

Hand Weapons
 q - a +4 antimagic executioner's axe
 P - the +0 broad axe of Light (weapon) {flame, *Noise rPois Will++ SInv}
   (Trog gifted it to you on level 7 of the Dungeon)

   It has been specially enchanted to burn those struck by it, causing extra
   injury to most foes and up to half again as much damage against particularly
   susceptible opponents.
   Big, fiery blades are also staple armaments of hydra-hunters.
   It protects you from poison.
   It affects your willpower, your defense against some magical effects.
   It lets you see invisible.
   It may make noises in combat.
 U - a +1 short sword of flaming
Missiles
 S - 19 boomerangs (quivered)
Armour
 h - a +0 pair of gloves (worn)
 s - the +2 ratskin cloak (worn) {*Rats rPois rN+ Str-1 Int-1 Dex+1}
   (You found it on level 5 of the Dungeon)

   It affects your strength (-1).
   It affects your intelligence (-1).
   It affects your dexterity (+1).
   It protects you from poison.
   It protects you from negative energy.
 L - a +1 pair of boots of running (worn)
 T - a +5 plate armour of poison resistance (worn)
 V - a +0 kite shield (worn)
Jewellery
 j - an uncursed ring of ice
 m - an uncursed ring of ice
 t - an amulet of magic regeneration (around neck)
 x - a ring of protection from cold (left hand)
 y - a ring of magical power (right hand)
Wands
 a - a wand of paralysis (13)
 D - a wand of flame (35)
 K - a wand of enslavement (9)
 N - a wand of random effects (20)
 O - a wand of polymorph (13)
 Q - a wand of digging (9)
 X - a wand of iceblast (15)
 Y - a wand of disintegration (8)
Scrolls
 b - a scroll of noise {unknown}
 e - 6 scrolls of amnesia {unknown}
 f - 4 scrolls of remove curse
 k - 8 scrolls of teleportation
 l - 4 scrolls of magic mapping
 p - a scroll of random uselessness {unknown}
 r - 4 scrolls of fear {unknown}
 u - 2 scrolls of enchant weapon {unknown}
 v - a scroll of acquirement {unknown}
 w - 2 scrolls of immolation {unknown}
 z - a scroll of silence {unknown}
 E - 5 scrolls of fog {unknown}
 I - a scroll of blinking {unknown}
 R - a scroll of enchant armour
Potions
 c - 10 potions of curing
 d - 4 potions of might
 g - 7 potions of lignification
 i - 5 potions of haste
 n - a potion of magic
 o - a potion of mutation
 J - 4 potions of resistance
 M - a potion of flight
 W - a potion of invisibility
 Z - 2 potions of ambrosia
Miscellaneous
 C - a box of beasts


   Skills:
 - Level 14.7 Fighting
 * Level 18.2 Axes
 - Level 8.5 Armour
 - Level 3.7 Dodging
 - Level 9.1 Shields


You had 12 spell levels left.
You didn't know any spells.
Your spell library was empty.

Dungeon Overview and Level Annotations

Branches:
Dungeon (12/15)            Temple (1/1) D:7            Lair (5/6) D:11
  Swamp (1/4) Lair:4        Snake (0/4) Lair:2
  Slime: Lair:5-6       Orc: D:9-12

Altars:
Cheibriados
Elyvilon
Gozag
Kikubaaqudgha
Makhleb
Nemelex Xobeh
Okawaru
Qazlal
Ru
Sif Muna
Vehumet
Xom
Yredelemnul
Zin

Shops:
D:11 :

Portals:
Gauntlet: Lair:5

Annotations:
D:5 2 runed translucent doors
D:6 1 runed translucent door


Innate Abilities, Weirdness & Mutations

You reflexively headbutt those who attack you in melee.
You have a pair of horns on your head.


Message History

You block the death yak's attack. You block the dream sheep's attack.
You block the death yak's attack. The death yak completely misses you.
Okay, then.
A red film seems to cover your vision as you go berserk!
You feel yourself moving faster!
You feel mighty! The death yak gores you!
* * * LOW HITPOINT WARNING * * *
You block the death yak's attack.
The dream sheep bites you but does no damage.
The death yak gores you but does no damage.
You block the death yak's attack.
You feel a strong urge to attack something.
A water moccasin comes into view.
You feel your anger nearly subside.
You are no longer berserk.
You are exhausted.
You feel yourself slow down.
The dream sheep shake their wool and sparkle.
You feel drowsy...
You fall asleep.
The death yak gores you!!!
You die...

##..................
##....................
#P....................
#.P....................
#.#..............S......
####...................#P
#.....................
#.#...................
##....#..#@Y...Y......
###.######YY......... ###
#Y..YY......
##.Y.........
#............
##....†...#.. #.........#
#............
..#........#..


You could see 4 death yaks, a water moccasin and 4 dream sheep.

Vanquished Creatures
  Fannar (Lair:3)
  A boulder beetle (Lair:3)
  4 hydras
  2 alligators (Swamp:1)
  3 two-headed ogres
  Urug (Lair:3)
  3 death yaks
  An unseen horror (D:11)
  A lindwurm (Lair:2)
  An ugly thing (D:11)
  A will-o-the-wisp (Swamp:1)
  4 black mambas
  3 elephants (Lair:4)
  A torpor snail (Lair:2)
  2 centaur zombies (D:11)
  8 cane toads
  A rime drake (Lair:1)
  A komodo dragon (Lair:3)
  2 polar bears
  2 trolls
  2 hornets
  A tyrant leech (Lair:4)
  5 blink frogs (Lair:4)
  Sigmund (D:4)
  3 wyverns
  16 yaks
  A basilisk (Lair:3)
  A steam dragon (D:11)
  Menkaure (D:5)
  3 swamp worms (Lair:4)
  A naga (Lair:2)
  8 water moccasins
  4 orc warriors
  A hornet zombie (D:10)
  2 black bears
  A necrophage (D:10)
  An ice beast (D:8)
  3 phantoms
  4 sky beasts
  5 wolves
  3 ogres
  9 centaurs
  2 big kobolds
  13 bullfrogs
  A gnoll sergeant (D:8)
  2 water moccasin zombies
  2 wyvern skeletons
  A water moccasin skeleton (D:4)
  14 wights
  A jelly (D:8)
  3 howler monkeys
  A lava snake (D:10)
  A quasit (D:11)
  3 bullfrog zombies
  A gnoll shaman (D:7)
  11 orc priests
  10 hounds
  3 centaur skeletons
  2 iguanas
  24 orc wizards
  3 hell rats (D:5)
  8 worker ants
  2 howler monkey zombies
  10 gnolls
  4 river rats (D:5)
  9 adders
  3 shadow imps
  4 white imps
  2 ufetubi
  2 oozes
  An adder zombie (D:5)
  3 worms
  2 dart slugs
  5 leopard geckos
  58 orcs
  A ball python (D:3)
  11 giant cockroaches
  8 goblins
  8 hobgoblins
  6 jackals
  6 quokkas
  7 bats
  7 frilled lizards
  18 kobolds
  A quokka skeleton (D:3)
  A quokka zombie (D:4)
  21 rats
425 creatures vanquished.

Vanquished Creatures (collateral kills)
  2 death yaks (D:11)
  A shadow (D:11)
  A centaur (D:11)
  An orc (D:6)
5 creatures vanquished.

Vanquished Creatures (others)
  A human (D:4)
  8 foxfires (Swamp:1)
  7 fungi
  19 plants
35 creatures vanquished.

Grand Total: 465 creatures vanquished

Notes
Turn   | Place    | Note
-------+----------+-------------------------------------------
     0 | D:1      | wavejumper the Minotaur Berserker began the quest for the
                  | Orb.
     0 | D:1      | Reached XP level 1. HP: 19/19 MP: 0/0
   119 | D:1      | Reached XP level 2. HP: 24/27 MP: 1/1
   216 | D:1      | Reached skill level 4 in Axes
   572 | D:2      | Reached XP level 3. HP: 29/34 MP: 2/2
   782 | D:2      | Reached ** piety under Trog
   960 | D:2      | Found a faded altar of an unknown god.
  1000 | D:2      | Reached skill level 5 in Axes
  1208 | D:2      | Reached XP level 4. HP: 41/41 MP: 3/3
  1655 | D:3      | Reached skill level 5 in Fighting
  2065 | D:3      | Reached XP level 5. HP: 48/48 MP: 4/4
  2636 | D:4      | Reached skill level 6 in Axes
  2636 | D:4      | Reached skill level 1 in Shields
  2810 | D:4      | Found an ancient bone altar of Kikubaaqudgha.
  2811 | D:4      | Noticed a human
  2813 | D:4      | Killed a human
  2910 | D:4      | Reached XP level 6. HP: 56/57 MP: 5/5
  2949 | D:4      | Reached *** piety under Trog
  2992 | D:4      | Noticed Sigmund
  3476 | D:4      | Killed Sigmund
  3477 | D:4      | Reached skill level 7 in Axes
  3477 | D:4      | Reached XP level 7. HP: 51/64 MP: 6/6
  3738 | D:5      | Entered Level 5 of the Dungeon
  3738 | D:5      | Found a large runed translucent door.
  3738 | D:5      | Found a large runed translucent door.
  3806 | D:5      | Found a large runed translucent door.
  3806 | D:5      | Found a large runed translucent door.
  4102 | D:5      | Got a heavily runed silver ring
  4122 | D:5      | Identified the cursed ring of Foem {rElec rF+ rC+ Str-4}
                  | (You found it on level 5 of the Dungeon)
  4321 | D:5      | Reached skill level 5 in Shields
  4323 | D:5      | Reached **** piety under Trog
  4325 | D:5      | Reached XP level 8. HP: 42/73 MP: 7/7
  4339 | D:5      | Reached skill level 8 in Axes
  4342 | D:5      | Found the +2 ratskin cloak {*Rats rPois rN+ Str-1 Int-1
                  | Dex+1}
  4758 | D:5      | Found a radiant altar of Vehumet.
  4812 | D:5      | Noticed Menkaure
  4818 | D:5      | Killed Menkaure
  5624 | D:6      | Found a white marble altar of Elyvilon.
  5624 | D:6      | Found a runed translucent door.
  5624 | D:6      | Noticed an angel
  5662 | D:6      | Found an opulent altar of Gozag.
  5688 | D:6      | Reached skill level 9 in Axes
  5788 | D:6      | Reached XP level 9. HP: 83/83 MP: 8/8
  6228 | D:7      | Reached ***** piety under Trog
  6348 | D:7      | Reached skill level 10 in Fighting
  6378 | D:7      | Found a burning altar of Makhleb.
  6468 | D:7      | Identified a +1 pair of boots of running (You found it on
                  | level 7 of the Dungeon)
  6545 | D:7      | Reached skill level 10 in Axes
  6902 | D:7      | Found a staircase to the Ecumenical Temple.
  7172 | D:7      | Received a gift from Trog
  7174 | D:7      | Got a steaming broad axe {god gift}
  7175 | D:7      | Identified the +0 broad axe of Light {flame, *Noise rPois
                  | Will++ SInv} (Trog gifted it to you on level 7 of the
                  | Dungeon)
  7578 | D:8      | Reached XP level 10. HP: 89/96 MP: 9/9
  7702 | D:8      | Reached skill level 5 in Armour
  7775 | D:8      | Noticed a two-headed ogre
  7782 | D:8      | Killed a two-headed ogre
  8288 | Temple   | Entered the Ecumenical Temple
  8784 | D:9      | Reached skill level 11 in Axes
  9788 | D:10     | Entered Level 10 of the Dungeon
  9853 | D:10     | Found a stormy altar of Qazlal.
  9955 | D:10     | Noticed a two-headed ogre
  9963 | D:10     | Killed a two-headed ogre
 10123 | D:10     | Received a gift from Trog
 10286 | D:10     | Noticed a six-headed hydra
 10299 | D:10     | Killed a one-headed hydra
 10300 | D:10     | Reached XP level 11. HP: 88/107 MP: 10/10
 11162 | D:11     | Found Noshust's Book Boutique.
 11271 | D:11     | Noticed a two-headed ogre
 11275 | D:11     | Killed a two-headed ogre
 11324 | D:11     | Noticed a death yak
 11326 | D:11     | Noticed a death yak
 11327 | D:11     | Noticed a death yak
 11327 | D:11     | Noticed a death yak
 11336 | D:11     | Killed a death yak
 11341 | D:11     | Killed a death yak
 11342 | D:11     | Reached skill level 12 in Axes
 11342 | D:11     | Killed a death yak
 11344 | D:11     | Killed a death yak
 11719 | D:11     | Noticed an unseen horror
 11720 | D:11     | Noticed a purple ugly thing
 11724 | D:11     | Killed an unseen horror
 11734 | D:11     | Killed a purple ugly thing
 11834 | D:11     | Found a staircase to the Lair.
 12242 | Lair:1   | Entered Level 1 of the Lair of Beasts
 12501 | Lair:1   | Reached skill level 13 in Axes
 12501 | Lair:1   | Reached XP level 12. HP: 75/118 MP: 11/11
 12672 | Lair:1   | You fall into a shaft and drop 1 floor!
 12882 | Lair:2   | Reached skill level 14 in Axes
 13366 | Lair:2   | Found a staircase to the Snake Pit.
 14116 | Lair:3   | Noticed an eight-headed hydra
 14124 | Lair:3   | Killed a five-headed hydra
 14125 | Lair:3   | Reached skill level 15 in Axes
 14384 | Lair:3   | Noticed Urug
 14395 | Lair:3   | Killed Urug
 14584 | Lair:3   | Noticed a boulder beetle
 14615 | Lair:3   | Killed a boulder beetle
 15067 | Lair:3   | Noticed Fannar
 15078 | Lair:3   | Killed Fannar
 15126 | Lair:3   | Reached skill level 16 in Axes
 15826 | Lair:4   | Noticed a five-headed hydra
 15829 | Lair:4   | Noticed a five-headed hydra
 15850 | Lair:4   | Killed a one-headed hydra
 15850 | Lair:4   | Killed a one-headed hydra
 16345 | Lair:4   | Reached skill level 17 in Axes
 16349 | Lair:4   | Reached XP level 13. HP: 108/125 MP: 12/12
 16642 | Lair:4   | Received a gift from Trog
 16931 | Lair:4   | Found a staircase to the Swamp.
 16952 | Swamp:1  | Entered Level 1 of the Swamp
 16969 | Swamp:1  | Reached skill level 18 in Axes
 17469 | Lair:5   | Found a gate leading to a gauntlet.
 17522 | Lair:5   | Slain by a death yak

Illustrated notes

Levels and vault maps discovered:
D:1:      lemuel_arrival_rhombus, layout_basic, minmay_hexomino_u4
D:2:      layout_loops_ring, chequers_ecumenical_altar_twisty,
          guppyfry_early_lair_pool
D:3:      layout_basic, serial_bayou_pond_c
D:4:      layout_cave_pools, tgw_kikubaaqudgha, uniq_sigmund
D:5:      wander_guarded_unrand_ratskin, layout_rooms, vehumet_altar_wand_db,
          minmay_hollow_rounded_squares, uniq_menkaure
D:6:      layout_cave_pods, basic_altar, lemuel_angel_altar
D:7:      layout_basic, temple_hall, basic_altar, sigmund_army
D:8:      layout_basic
D:9:      layout_small_grid
D:10:     minmay_slanted_spiral_squares, layout_stronghold,
          grunt_decor_junction, grunt_qazlal_clouds
D:11:     layout_basic, dpeg_lair_monsters, serial_shops, shop_statue
D:12:     layout_loops_ring, erik_orc_3
Temple:   kilobyte_greek_temple
Lair:1:   layout_cave_pods
Lair:2:   layout_small_grid, guppyfry_snake_entry_garden,
          nicolae_volcano_entry_vermiform, grunt_forest_stairs_basic
Lair:3:   layout_layer_cave, uniq_urug, uniq_fannar
Lair:4:   layout_big_grid, palyth_hydra_swamp_entry,
          infiniplex_staircase_pool_2, grunt_megastairs_2
Lair:5:   nzn_winding_woodlands_three_and_one
          [nzn_winding_woodlands_5x15_split_checker,
          nzn_winding_woodlands_5x15_jagged, nzn_winding_woodlands_5x15_cabin,
          nzn_winding_woodlands_center_diamonds], layout_gridlike,
          gauntlet_entry_generic, uniq_sonja
Swamp:1:  layout_basic_swamp, hangedman_swamp_ruin_wall

Skill      XL: |  1  2  3  4  5  6  7  8  9 10 11 12 13 |
---------------+----------------------------------------+-----
Fighting       | 4 5 6 7 9 11 13 14 | 14.7
Axes           | 4 5 6 7 9 10 11 13 17 18 | 18.2
Shields        | 2 3 5 6 7 9 |  9.1
Armour         | 3 4 7 8 |  8.5
Dodging        | 3 |  3.7

Action                   |  1- 3 |  4- 6 |  7- 9 | 10-12 | 13-15 || total
-------------------------+-------+-------+-------+-------+-------++-------
Melee: Hand axe          |    77 |    37 |       |       |       ||   114
       Headbutt          |    13 |    12 |    85 |   122 |    16 ||   248
       War axe           |       |    69 |   341 |       |       ||   410
       Broad axe         |       |       |    55 |   481 |    75 ||   611
Throw: Boomerang         |       |       |    23 |    18 |    12 ||    53
Invok: Berserk           |       |       |     7 |       |     1 ||     8
       Trog's Hand       |       |       |     3 |     3 |     1 ||     7
  Use: Potion            |       |     1 |     1 |     4 |     1 ||     7
       Scroll            |       |     4 |     3 |    15 |       ||    22
Armor: Animal skin       |     5 |       |       |       |       ||     5
       Ring mail         |    11 |    19 |       |       |       ||    30
       Skin              |       |    11 |       |       |       ||    11
       Scale mail        |       |    19 |    51 |       |       ||    70
       Plate armour      |       |       |   119 |   286 |    36 ||   441
Dodge: Dodged            |    54 |    55 |   124 |   139 |    18 ||   390
Block: Buckler           |     6 |    21 |   117 |    22 |       ||   166
       Kite shield       |       |       |       |   242 |    46 ||   288
